[ AOE2 MATCH · #475941792 ]
UnrankedBulgarians vs Italians
[ REPLAY ANALYSIS · EXTRACTED FROM THE RECORDED GAME ]
Feudal
10:45
Castle
17:57
Imperial
42:37
| APM avg | 20.2 |
| APM peak | 53 |
| eAPM avg | 11.9 |
| Villagers / military | 92 / 207 |
Focus
⚔️ 32.6% · 🌾 67.4%
Spearman ×126 · Konnik ×54 · Mangonel ×8 · Monk ×7 · Militia ×5 · Battering Ram ×4
Feudal
11:05
Castle
19:52
Imperial
40:38
| APM avg | 43.8 |
| APM peak | 84 |
| eAPM avg | 27.9 |
| Villagers / military | 133 / 135 |
Focus
⚔️ 56.4% · 🌾 43.6%
Archer ×106 · Mangonel ×10 · Trade Cart ×7 · Scorpion ×6 · Bombard Cannon ×6 · Monk ×3
Feudal
12:25
Castle
28:08
Imperial
47:23
| APM avg | 16.2 |
| APM peak | 42 |
| eAPM avg | 8.5 |
| Villagers / military | 64 / 126 |
Focus
⚔️ 46.2% · 🌾 53.8%
Skirmisher ×74 · Eagle Scout ×32 · Mangonel ×10 · Spearman ×6 · Monk ×4
Feudal
11:07
Castle
19:01
Imperial
42:55
| APM avg | 40.7 |
| APM peak | 92 |
| eAPM avg | 20.2 |
| Villagers / military | 146 / 164 |
Focus
⚔️ 26.8% · 🌾 73.2%
Archer ×128 · Spearman ×33 · Trade Cart ×15 · Battering Ram ×2 · Mangonel ×1
Feudal
12:38
Castle
18:45
Imperial
38:52
| APM avg | 14.7 |
| APM peak | 47 |
| eAPM avg | 7.1 |
| Villagers / military | 153 / 27 |
Focus
⚔️ 11.4% · 🌾 88.6%
Mangonel ×16 · Trebuchet (Packed) ×5 · Trade Cart ×3 · Battering Ram ×3 · Militia ×2 · Monk ×1
Feudal
9:41
Castle
14:39
Imperial
34:44
| APM avg | 20.2 |
| APM peak | 45 |
| eAPM avg | 15.0 |
| Villagers / military | 151 / 202 |
Focus
⚔️ 36.2% · 🌾 63.8%
Knight ×117 · Hand Cannoneer ×45 · Scout Cavalry ×20 · Trade Cart ×18 · War Elephant ×9 · Camel Scout ×4
Match map
Initial resources + every placement click. Lines = walls · curves = elevation contours. ◆ gold · ⬟ stone · ● berries · ✦ relic · ◌ wall gap
Your base· ✓ Closed at 17:57 · 0t walls · 2 gate(s)
francopasini3's base· ✓ Closed at 19:52 · 0t walls · 2 gate(s)
Yato (夜卜)'s base· ✓ Closed at 28:08 · 46t walls · 6 gate(s)
alesaok's base· ✓ Closed at 19:01 · 0t walls · 4 gate(s)
OOLONG's base· ✓ Closed at 18:45 · 0t walls · 2 gate(s)
AAOE | khermir's base· ✓ Closed at 14:39 · 0t walls · 3 gate(s)
Smoothed initial terrain · ◌ = detected wall gap · hover for details
Inputs per minute
— yukinohana.htn - - francopasini3
Build order — yukinohana.htn
First 150 of 416 actions detected
| 0:35 | Build | House |
| 0:37 | Build | House |
| 0:40 | Create | Villager (Male) ×4 |
| 1:05 | Build | House |
| 1:07 | Build | House |
| 1:48 | Build | House |
| 1:52 | Build | Mill |
| 2:08 | Create | Villager (Male) |
| 2:37 | Create | Villager (Male) |
| 3:10 | Create | Villager (Male) |
| 3:27 | Create | Villager (Male) |
| 3:40 | Create | Villager (Male) |
| 4:12 | Create | Villager (Male) |
| 4:15 | Create | Villager (Male) |
| 4:48 | Create | Villager (Male) |
| 4:50 | Create | Villager (Male) |
| 4:51 | Create | Villager (Male) |
| 5:19 | Create | Villager (Male) |
| 5:51 | Create | Villager (Male) |
| 5:51 | Create | Villager (Male) |
| 5:52 | Create | Villager (Male) |
| 6:35 | Build | Lumber Camp |
| 6:52 | Create | Villager (Male) |
| 6:53 | Create | Villager (Male) |
| 6:53 | Create | Villager (Male) |
| 6:54 | Create | Villager (Male) |
| 8:35 | Research | Feudal Age |
| 9:44 | Build | Barracks |
| 9:48 | Build | House |
| 9:49 | Build | House |
| 9:51 | Build | House |
| 10:09 | Create | Villager (Male) |
| 10:10 | Create | Villager (Male) |
| 10:34 | Build | Mining Camp |
| 10:41 | Create | Villager (Male) |
| 10:45 | Age | Feudal Age |
| 11:14 | Create | Villager (Male) |
| 11:18 | Build | Stable |
| 11:41 | Create | Villager (Male) |
| 11:45 | Build | Farm |
| 11:46 | Build | Farm |
| 11:47 | Build | Farm |
| 11:50 | Create | Villager (Male) |
| 12:03 | Build | Blacksmith |
| 12:25 | Build | Farm |
| 12:26 | Build | Farm |
| 12:42 | Create | Villager (Male) |
| 13:08 | Build | House |
| 13:09 | Build | House |
| 13:22 | Create | Villager (Male) |
| 13:35 | Build | Farm |
| 13:37 | Build | Farm |
| 13:45 | Build | Farm |
| 13:50 | Create | Villager (Male) |
| 14:14 | Create | Villager (Male) |
| 14:17 | Build | Farm |
| 14:19 | Build | Farm |
| 14:29 | Build | House |
| 15:08 | Build | Farm |
| 15:17 | Research | Castle Age |
| 15:18 | Research | Castle Age |
| 15:35 | Build | Mining Camp |
| 15:53 | Research | Double-Bit Axe |
| 16:10 | Research | Stone Mining |
| 16:11 | Research | Stone Mining |
| 16:31 | Research | Horse Collar |
| 17:11 | Research | Gold Mining |
| 17:14 | Create | Villager (Male) |
| 17:14 | Create | Villager (Male) |
| 17:57 | Age | Castle Age |
| 18:02 | Create | Villager (Male) |
| 18:02 | Create | Villager (Male) |
| 18:52 | Build | Castle |
| 19:00 | Create | Knight |
| 19:08 | Create | Villager (Male) |
| 19:38 | Create | Villager (Male) |
| 19:44 | Build | Farm |
| 19:46 | Build | Farm |
| 19:48 | Build | Farm |
| 19:51 | Build | Farm |
| 19:54 | Build | Farm |
| 20:03 | Build | Farm |
| 20:05 | Build | Farm |
| 20:07 | Build | Farm |
| 20:43 | Build | Siege Workshop |
| 20:51 | Create | Villager (Male) |
| 20:51 | Create | Villager (Male) |
| 20:55 | Build | Farm |
| 20:57 | Build | Farm |
| 20:58 | Build | Farm |
| 21:42 | Build | Krepost |
| 21:56 | Create | Villager (Male) |
| 21:56 | Create | Villager (Male) |
| 21:59 | Build | Farm |
| 22:00 | Build | Farm |
| 22:03 | Create | Villager (Male) |
| 22:10 | Create | Villager (Male) |
| 22:10 | Create | Villager (Male) |
| 23:06 | Build | Mining Camp |
| 23:23 | Build | Krepost |
| 23:58 | Create | Villager (Male) |
| 23:58 | Create | Villager (Male) |
| 23:58 | Create | Villager (Male) |
| 23:59 | Create | Villager (Male) |
| 23:59 | Create | Villager (Male) |
| 23:59 | Create | Villager (Male) |
| 24:00 | Create | Villager (Male) |
| 24:36 | Create | Villager (Male) |
| 24:36 | Create | Villager (Male) |
| 24:37 | Create | Villager (Male) |
| 24:38 | Research | Gold Shaft Mining |
| 24:56 | Build | Town Center |
| 25:17 | Create | Villager (Male) |
| 25:35 | Create | Konnik |
| 25:49 | Research | Husbandry |
| 25:49 | Research | Husbandry |
| 25:52 | Research | Forging |
| 25:52 | Research | Forging |
| 25:55 | Create | Villager (Male) |
| 25:59 | Research | Bow Saw |
| 26:13 | Create | Konnik |
| 26:13 | Create | Konnik |
| 26:23 | Create | Konnik |
| 26:43 | Create | Villager (Male) ×5 |
| 26:48 | Create | Konnik |
| 26:50 | Create | Konnik |
| 27:01 | Create | Knight |
| 27:01 | Create | Knight |
| 27:24 | Research | Scale Barding Armor |
| 27:24 | Research | Scale Barding Armor |
| 27:27 | Build | Farm |
| 27:28 | Build | Farm |
| 27:29 | Build | Farm |
| 27:30 | Build | Farm |
| 27:31 | Build | Farm |
| 27:33 | Build | Farm |
| 27:43 | Research | Heavy Plow |
| 27:48 | Create | Villager (Male) |
| 27:51 | Create | Konnik |
| 27:53 | Create | Konnik |
| 27:56 | Create | Konnik |
| 27:58 | Create | Konnik |
| 28:21 | Build | Mining Camp |
| 28:25 | Create | Villager (Male) |
| 28:26 | Create | Villager (Male) |
| 29:18 | Create | Konnik |
| 29:18 | Create | Konnik |
| 29:20 | Create | Konnik |
| 29:20 | Create | Konnik |
| 29:22 | Create | Villager (Male) |
Build order — francopasini3
First 150 of 458 actions detected
| 0:04 | Create | Villager (Male) |
| 0:04 | Create | Villager (Male) |
| 0:04 | Create | Villager (Male) |
| 0:05 | Create | Villager (Male) |
| 0:07 | Build | House |
| 0:09 | Build | House |
| 1:17 | Research | Loom |
| 1:17 | Research | Loom |
| 2:03 | Build | Lumber Camp |
| 2:07 | Create | Villager (Male) |
| 2:14 | Create | Villager (Male) |
| 2:38 | Create | Villager (Male) |
| 2:39 | Create | Villager (Male) |
| 3:14 | Create | Villager (Male) |
| 3:15 | Create | Villager (Male) |
| 3:30 | Create | Villager (Male) |
| 3:52 | Create | Villager (Male) |
| 4:01 | Build | House |
| 4:46 | Create | Villager (Male) |
| 4:46 | Create | Villager (Male) |
| 4:47 | Create | Villager (Male) |
| 5:14 | Create | Villager (Male) |
| 5:52 | Build | Mill |
| 5:59 | Create | Villager (Male) |
| 6:24 | Create | Villager (Male) |
| 6:25 | Create | Villager (Male) |
| 7:04 | Create | Villager (Male) |
| 7:30 | Create | Villager (Male) |
| 7:49 | Build | House |
| 8:17 | Create | Villager (Male) |
| 8:27 | Research | Feudal Age |
| 8:58 | Build | Mill |
| 9:23 | Create | Villager (Male) |
| 9:24 | Create | Villager (Male) |
| 10:01 | Build | House |
| 10:03 | Build | House |
| 10:23 | Build | Barracks |
| 10:28 | Build | House |
| 10:36 | Create | Villager (Male) |
| 10:36 | Create | Villager (Male) |
| 11:05 | Age | Feudal Age |
| 11:20 | Build | Mining Camp |
| 11:34 | Build | Farm |
| 11:38 | Build | Farm |
| 12:06 | Research | Loom |
| 12:28 | Research | Gold Mining |
| 13:05 | Create | Villager (Male) |
| 13:06 | Create | Villager (Male) |
| 13:34 | Build | Blacksmith |
| 13:41 | Build | Farm |
| 14:00 | Build | Farm |
| 14:08 | Create | Villager (Male) |
| 14:33 | Build | Farm |
| 14:51 | Build | Farm |
| 14:56 | Build | Farm |
| 15:33 | Build | Farm |
| 15:33 | Build | Farm |
| 15:34 | Build | Farm |
| 16:35 | Build | Market |
| 16:54 | Research | Double-Bit Axe |
| 17:12 | Research | Castle Age |
| 17:13 | Create | Villager (Male) |
| 17:14 | Create | Villager (Male) |
| 17:17 | Research | Fletching |
| 17:17 | Research | Padded Archer Armor |
| 17:37 | Build | Farm |
| 17:40 | Create | Villager (Male) |
| 17:40 | Create | Villager (Male) |
| 18:21 | Build | Mining Camp |
| 18:35 | Research | Horse Collar |
| 18:40 | Create | Villager (Male) |
| 19:27 | Build | Archery Range |
| 19:42 | Create | Villager (Male) |
| 19:52 | Age | Castle Age |
| 20:25 | Create | Villager (Male) |
| 20:26 | Create | Villager (Male) |
| 20:33 | Build | Archery Range |
| 20:40 | Research | Crossbowman (upgrade) |
| 20:41 | Create | Archer |
| 20:41 | Create | Archer |
| 20:41 | Create | Archer |
| 20:49 | Create | Villager (Male) |
| 20:49 | Create | Villager (Male) |
| 20:58 | Create | Archer |
| 20:58 | Create | Archer |
| 20:59 | Create | Archer |
| 21:12 | Create | Villager (Male) |
| 21:12 | Create | Villager (Male) |
| 21:13 | Create | Villager (Male) |
| 21:15 | Create | Archer |
| 21:20 | Build | Farm |
| 21:25 | Create | Archer |
| 21:26 | Create | Archer |
| 21:38 | Create | Villager (Male) |
| 21:49 | Create | Archer |
| 21:50 | Create | Archer |
| 22:02 | Create | Villager (Male) |
| 22:27 | Build | House |
| 22:28 | Build | House |
| 22:29 | Build | House |
| 22:30 | Build | House |
| 22:39 | Create | Archer |
| 22:40 | Create | Archer |
| 22:40 | Create | Archer |
| 22:50 | Create | Villager (Male) |
| 23:26 | Create | Villager (Male) |
| 23:38 | Build | Castle |
| 23:46 | Create | Archer |
| 23:46 | Create | Archer |
| 24:07 | Build | Farm |
| 24:08 | Build | Farm |
| 24:18 | Build | Farm |
| 24:23 | Build | University |
| 24:30 | Build | Lumber Camp |
| 24:34 | Create | Villager (Male) |
| 24:44 | Create | Archer |
| 24:45 | Create | Archer |
| 24:45 | Create | Archer |
| 24:45 | Create | Archer |
| 24:48 | Create | Villager (Male) |
| 24:59 | Research | Wheelbarrow |
| 25:07 | Research | Wheelbarrow |
| 25:08 | Create | Villager (Male) |
| 25:08 | Create | Villager (Male) |
| 25:09 | Create | Villager (Male) |
| 25:09 | Create | Villager (Male) |
| 25:09 | Create | Villager (Male) |
| 25:09 | Create | Villager (Male) |
| 25:19 | Build | Mining Camp |
| 25:55 | Create | Archer |
| 25:56 | Create | Archer |
| 25:56 | Create | Archer |
| 26:12 | Build | Farm |
| 26:17 | Build | Farm |
| 26:29 | Create | Archer |
| 26:29 | Create | Archer |
| 26:29 | Create | Archer |
| 26:34 | Create | Villager (Male) |
| 26:52 | Research | Bodkin Arrow |
| 26:57 | Create | Archer |
| 26:57 | Create | Archer |
| 26:58 | Create | Archer |
| 27:12 | Create | Villager (Male) |
| 27:17 | Build | Mining Camp |
| 27:34 | Create | Villager (Male) |
| 27:36 | Build | Farm |
| 27:38 | Research | Leather Archer Armor |
| 27:48 | Create | Villager (Male) |
| 27:58 | Build | Town Center |
| 28:23 | Create | Villager (Male) |
Build order — Yato (夜卜)
First 150 of 305 actions detected
| 0:56 | Build | House |
| 0:58 | Build | House |
| 2:06 | Create | Villager (Male) |
| 2:06 | Create | Villager (Male) |
| 2:06 | Create | Villager (Male) |
| 2:50 | Build | Mill |
| 3:34 | Research | Loom |
| 4:12 | Create | Villager (Male) |
| 4:12 | Create | Villager (Male) |
| 4:13 | Create | Villager (Male) |
| 4:13 | Create | Villager (Male) |
| 5:13 | Create | Villager (Male) |
| 5:44 | Create | Villager (Male) |
| 5:45 | Create | Villager (Male) |
| 5:45 | Create | Villager (Male) |
| 5:59 | Build | House |
| 6:10 | Build | House |
| 6:58 | Build | Lumber Camp |
| 7:48 | Create | Villager (Male) |
| 7:49 | Create | Villager (Male) |
| 7:49 | Create | Villager (Male) |
| 7:50 | Create | Villager (Male) |
| 7:50 | Create | Villager (Male) |
| 7:50 | Create | Villager (Male) |
| 8:26 | Build | Mining Camp |
| 10:15 | Research | Feudal Age |
| 10:16 | Research | Feudal Age |
| 10:50 | Build | Mining Camp |
| 11:03 | Create | Villager (Male) |
| 11:04 | Create | Villager (Male) |
| 11:04 | Create | Villager (Male) |
| 12:25 | Age | Feudal Age |
| 12:30 | Research | Wheelbarrow |
| 13:10 | Research | Double-Bit Axe |
| 13:34 | Build | Blacksmith |
| 13:49 | Build | Barracks |
| 14:12 | Build | Lumber Camp |
| 14:22 | Create | Villager (Male) |
| 14:23 | Create | Villager (Male) |
| 14:24 | Create | Villager (Male) |
| 14:24 | Create | Villager (Male) |
| 14:41 | Research | Horse Collar |
| 15:22 | Build | House |
| 15:25 | Build | House |
| 15:26 | Build | House |
| 15:54 | Build | Farm |
| 15:55 | Build | Farm |
| 16:05 | Build | Farm |
| 16:20 | Build | Farm |
| 16:44 | Build | Farm |
| 16:53 | Create | Villager (Male) |
| 16:53 | Create | Villager (Male) |
| 16:54 | Create | Villager (Male) |
| 16:54 | Create | Villager (Male) |
| 16:54 | Create | Villager (Male) |
| 16:55 | Create | Villager (Male) |
| 17:08 | Build | Stone Wall |
| 17:20 | Build | Gate |
| 17:25 | Build | Stone Wall |
| 17:30 | Build | Stone Wall |
| 17:47 | Build | Farm |
| 17:48 | Build | Farm |
| 17:55 | Build | Farm |
| 17:57 | Build | Farm |
| 18:12 | Build | Farm |
| 18:13 | Build | Farm |
| 18:14 | Build | Farm |
| 18:42 | Create | Villager (Male) |
| 18:42 | Create | Villager (Male) |
| 18:42 | Create | Villager (Male) |
| 19:27 | Create | Spearman |
| 19:27 | Create | Spearman |
| 19:27 | Create | Spearman |
| 19:42 | Build | Stone Wall |
| 19:54 | Build | Stone Wall |
| 20:03 | Build | Gate |
| 20:08 | Build | Stone Wall |
| 20:24 | Create | Villager (Male) |
| 20:25 | Create | Villager (Male) |
| 20:25 | Create | Villager (Male) |
| 20:25 | Create | Villager (Male) |
| 20:33 | Build | Farm |
| 20:38 | Build | Farm |
| 20:40 | Build | Farm |
| 20:41 | Build | Farm |
| 20:43 | Build | Farm |
| 20:49 | Build | Mill |
| 20:54 | Build | Farm |
| 20:56 | Build | Farm |
| 21:23 | Research | Gold Mining |
| 21:26 | Research | Stone Mining |
| 21:39 | Research | Scale Mail Armor |
| 22:25 | Create | Villager (Male) |
| 22:25 | Create | Villager (Male) |
| 22:26 | Create | Villager (Male) |
| 22:36 | Create | Spearman |
| 22:36 | Create | Spearman |
| 22:37 | Create | Spearman |
| 23:02 | Build | House |
| 23:06 | Build | House |
| 23:28 | Build | Market |
| 23:55 | Create | Villager (Male) |
| 24:00 | Create | Villager (Male) |
| 24:39 | Build | Archery Range |
| 24:41 | Build | Archery Range |
| 25:20 | Research | Castle Age |
| 25:26 | Create | Eagle Scout |
| 25:27 | Create | Eagle Scout |
| 25:27 | Create | Eagle Scout |
| 25:27 | Create | Eagle Scout |
| 25:27 | Create | Eagle Scout |
| 25:28 | Create | Eagle Scout |
| 25:28 | Create | Eagle Scout |
| 25:29 | Create | Eagle Scout |
| 25:52 | Build | Stone Wall |
| 26:01 | Build | Gate |
| 26:08 | Build | Stone Wall |
| 26:13 | Build | Stone Wall |
| 26:57 | Build | Stone Wall |
| 27:04 | Build | Stone Wall |
| 27:12 | Build | Stone Wall |
| 27:18 | Build | Stone Wall |
| 27:48 | Create | Skirmisher |
| 27:48 | Create | Skirmisher |
| 27:48 | Create | Skirmisher |
| 27:48 | Create | Skirmisher |
| 27:49 | Create | Skirmisher |
| 27:49 | Create | Skirmisher |
| 27:49 | Create | Skirmisher |
| 27:50 | Create | Skirmisher |
| 27:58 | Build | House |
| 28:00 | Build | House |
| 28:01 | Build | House |
| 28:02 | Build | House |
| 28:05 | Build | House |
| 28:08 | Age | Castle Age |
| 28:20 | Build | House |
| 28:21 | Build | House |
| 28:22 | Build | House |
| 28:24 | Build | House |
| 28:25 | Build | House |
| 28:26 | Build | House |
| 28:27 | Build | House |
| 28:36 | Create | Skirmisher |
| 28:36 | Create | Skirmisher |
| 28:36 | Create | Skirmisher |
| 28:36 | Create | Skirmisher |
| 28:37 | Create | Skirmisher |
| 28:37 | Create | Skirmisher |
| 28:37 | Create | Skirmisher |
Build order — alesaok
First 150 of 450 actions detected
| 0:02 | Create | Villager (Male) |
| 0:02 | Create | Villager (Male) |
| 0:05 | Build | House |
| 0:06 | Build | House |
| 0:09 | Create | Villager (Male) |
| 0:09 | Create | Villager (Male) |
| 1:38 | Create | Villager (Male) |
| 1:38 | Create | Villager (Male) |
| 2:06 | Create | Villager (Male) |
| 2:06 | Create | Villager (Male) |
| 2:06 | Create | Villager (Male) |
| 2:25 | Build | Lumber Camp |
| 2:36 | Create | Villager (Male) |
| 2:36 | Create | Villager (Male) |
| 2:37 | Create | Villager (Male) |
| 2:57 | Create | Villager (Male) |
| 2:57 | Create | Villager (Male) |
| 3:38 | Create | Villager (Male) |
| 3:38 | Create | Villager (Male) |
| 3:38 | Create | Villager (Male) |
| 4:11 | Create | Villager (Male) |
| 4:11 | Create | Villager (Male) |
| 4:11 | Create | Villager (Male) |
| 4:51 | Create | Villager (Male) |
| 4:51 | Create | Villager (Male) |
| 4:51 | Create | Villager (Male) |
| 4:54 | Research | Loom |
| 4:55 | Research | Loom |
| 5:06 | Build | House |
| 5:11 | Create | Villager (Male) |
| 5:48 | Build | Mill |
| 6:04 | Create | Villager (Male) |
| 6:05 | Create | Villager (Male) |
| 6:29 | Create | Villager (Male) |
| 6:50 | Create | Villager (Male) |
| 6:58 | Build | House |
| 7:51 | Create | Villager (Male) |
| 8:14 | Build | Mining Camp |
| 8:16 | Create | Villager (Male) |
| 8:48 | Build | House |
| 8:57 | Research | Feudal Age |
| 8:58 | Research | Feudal Age |
| 9:25 | Build | Barracks |
| 11:07 | Age | Feudal Age |
| 11:11 | Build | Archery Range |
| 11:24 | Research | Double-Bit Axe |
| 11:28 | Create | Villager (Male) |
| 11:28 | Create | Villager (Male) |
| 11:28 | Create | Villager (Male) |
| 11:53 | Build | Lumber Camp |
| 11:58 | Create | Villager (Male) |
| 12:11 | Create | Villager (Male) |
| 12:24 | Create | Archer |
| 12:25 | Create | Archer |
| 12:52 | Create | Villager (Male) |
| 13:06 | Build | Blacksmith |
| 13:12 | Build | Farm |
| 13:33 | Build | Farm |
| 13:36 | Create | Archer |
| 13:36 | Create | Archer |
| 13:40 | Build | House |
| 13:42 | Build | House |
| 13:59 | Build | Farm |
| 14:22 | Build | Farm |
| 14:36 | Build | Farm |
| 14:49 | Build | Farm |
| 14:50 | Create | Archer |
| 15:04 | Create | Villager (Male) |
| 15:07 | Build | Farm |
| 15:35 | Build | Outpost |
| 15:45 | Build | Farm |
| 16:01 | Create | Archer |
| 16:01 | Create | Archer |
| 16:21 | Research | Castle Age |
| 16:21 | Research | Castle Age |
| 16:21 | Research | Castle Age |
| 16:34 | Build | House |
| 16:38 | Build | House |
| 16:46 | Build | House |
| 17:20 | Build | Outpost |
| 17:33 | Research | Gold Mining |
| 18:06 | Research | Forging |
| 18:06 | Research | Fletching |
| 18:10 | Research | Fletching |
| 18:10 | Research | Fletching |
| 18:23 | Build | Archery Range |
| 18:32 | Build | Archery Range |
| 18:44 | Create | Villager (Male) |
| 18:45 | Create | Villager (Male) |
| 19:01 | Age | Castle Age |
| 19:06 | Research | Crossbowman (upgrade) |
| 19:12 | Create | Archer |
| 19:12 | Create | Archer |
| 19:22 | Create | Archer |
| 19:22 | Create | Archer |
| 19:42 | Build | Town Center |
| 19:52 | Research | Padded Archer Armor |
| 19:56 | Create | Archer |
| 19:57 | Create | Archer |
| 20:37 | Build | Siege Workshop |
| 20:46 | Build | Siege Workshop |
| 21:24 | Create | Archer |
| 21:24 | Create | Archer |
| 21:28 | Build | Farm |
| 21:29 | Create | Villager (Male) |
| 21:29 | Create | Villager (Male) |
| 21:30 | Create | Villager (Male) |
| 21:35 | Create | Villager (Male) |
| 21:38 | Create | Mangonel |
| 22:03 | Build | Outpost |
| 23:22 | Build | Farm |
| 23:22 | Build | Farm |
| 23:27 | Create | Villager (Male) |
| 23:28 | Create | Villager (Male) |
| 23:28 | Create | Villager (Male) |
| 23:32 | Build | Outpost |
| 23:41 | Create | Battering Ram |
| 23:41 | Create | Battering Ram |
| 24:00 | Build | Outpost |
| 24:04 | Create | Villager (Male) |
| 24:04 | Create | Villager (Male) |
| 24:09 | Build | Farm |
| 24:10 | Build | Farm |
| 24:11 | Research | Horse Collar |
| 24:14 | Research | Bow Saw |
| 24:29 | Create | Archer |
| 24:30 | Create | Archer |
| 24:35 | Build | House |
| 25:25 | Create | Villager (Male) |
| 25:26 | Create | Villager (Male) |
| 25:28 | Build | House |
| 25:32 | Research | Thumb Ring |
| 25:33 | Create | Archer |
| 25:33 | Create | Archer |
| 25:56 | Build | Farm |
| 25:56 | Build | Farm |
| 25:56 | Build | Farm |
| 26:01 | Create | Villager (Male) |
| 26:01 | Create | Villager (Male) |
| 26:01 | Create | Villager (Male) |
| 26:01 | Create | Villager (Male) |
| 26:05 | Research | Wheelbarrow |
| 26:05 | Research | Wheelbarrow |
| 26:09 | Build | House |
| 26:43 | Create | Spearman |
| 26:43 | Create | Spearman |
| 26:46 | Create | Archer |
| 26:47 | Create | Archer |
| 26:48 | Create | Archer |
| 26:48 | Create | Archer |
Build order — OOLONG
First 150 of 260 actions detected
| 0:07 | Build | House |
| 0:08 | Create | Villager (Male) |
| 0:08 | Create | Villager (Male) |
| 0:08 | Create | Villager (Male) |
| 0:08 | Create | Villager (Male) |
| 0:35 | Build | House |
| 0:36 | Build | House |
| 0:37 | Build | House |
| 1:38 | Create | Villager (Male) |
| 1:39 | Create | Villager (Male) |
| 2:21 | Build | Lumber Camp |
| 2:23 | Create | Villager (Male) |
| 2:36 | Create | Villager (Male) |
| 3:08 | Create | Villager (Male) |
| 3:09 | Create | Villager (Male) |
| 3:44 | Create | Villager (Male) |
| 4:16 | Build | Mining Camp |
| 4:17 | Create | Villager (Male) |
| 4:20 | Create | Villager (Male) |
| 4:42 | Create | Villager (Male) |
| 5:06 | Create | Villager (Male) |
| 5:28 | Create | Villager (Male) |
| 5:34 | Build | Mill |
| 6:02 | Create | Villager (Male) |
| 6:02 | Create | Villager (Male) |
| 6:44 | Create | Villager (Male) |
| 7:28 | Create | Villager (Male) |
| 8:10 | Create | Villager (Male) |
| 8:28 | Create | Villager (Male) |
| 8:51 | Create | Villager (Male) |
| 9:06 | Build | House |
| 9:07 | Build | House |
| 9:08 | Build | House |
| 9:09 | Build | House |
| 9:14 | Research | Loom |
| 9:39 | Create | Villager (Male) |
| 10:10 | Create | Villager (Male) |
| 10:26 | Research | Feudal Age |
| 11:23 | Build | Mill |
| 11:59 | Build | Barracks |
| 12:38 | Age | Feudal Age |
| 12:41 | Build | Blacksmith |
| 12:47 | Build | Market |
| 12:53 | Create | Villager (Male) |
| 12:56 | Create | Villager (Male) |
| 13:00 | Research | Double-Bit Axe |
| 13:41 | Build | Farm |
| 13:43 | Build | Farm |
| 13:44 | Build | Farm |
| 13:45 | Build | Farm |
| 13:49 | Build | Farm |
| 13:51 | Create | Villager (Male) |
| 13:52 | Create | Villager (Male) |
| 13:52 | Create | Villager (Male) |
| 14:53 | Build | Mining Camp |
| 16:20 | Research | Castle Age |
| 16:31 | Build | Farm |
| 16:32 | Build | Farm |
| 16:33 | Build | Farm |
| 16:34 | Build | Farm |
| 16:35 | Build | Farm |
| 16:37 | Build | Farm |
| 16:48 | Research | Horse Collar |
| 17:16 | Build | Farm |
| 17:17 | Build | Farm |
| 17:19 | Build | Farm |
| 17:38 | Research | Stone Mining |
| 18:34 | Create | Villager (Male) |
| 18:35 | Create | Villager (Male) |
| 18:35 | Create | Villager (Male) |
| 18:35 | Create | Villager (Male) |
| 18:45 | Age | Castle Age |
| 19:02 | Build | Town Center |
| 19:09 | Create | Villager (Male) |
| 19:09 | Create | Villager (Male) |
| 19:10 | Create | Villager (Male) |
| 19:23 | Create | Militia |
| 19:23 | Create | Militia |
| 19:58 | Create | Villager (Male) ×3 |
| 21:05 | Create | Villager (Male) ×5 |
| 21:29 | Build | Castle |
| 21:42 | Create | Villager (Male) |
| 21:42 | Create | Villager (Male) |
| 21:43 | Create | Villager (Male) |
| 21:44 | Create | Villager (Male) |
| 21:44 | Create | Villager (Male) |
| 21:44 | Create | Villager (Male) |
| 21:54 | Build | Farm |
| 21:55 | Build | Farm |
| 21:56 | Build | Farm |
| 21:57 | Build | Farm |
| 21:58 | Build | Farm |
| 22:45 | Build | Siege Workshop |
| 22:52 | Create | Villager (Male) |
| 22:53 | Create | Villager (Male) |
| 22:53 | Create | Villager (Male) |
| 22:54 | Create | Villager (Male) |
| 22:54 | Create | Villager (Male) |
| 23:35 | Build | Stone Wall |
| 23:41 | Create | Villager (Male) |
| 23:41 | Create | Villager (Male) |
| 23:42 | Create | Villager (Male) |
| 23:44 | Create | Mangonel |
| 23:44 | Create | Mangonel |
| 23:51 | Build | Siege Workshop |
| 24:03 | Build | House |
| 24:04 | Build | House |
| 24:05 | Build | House |
| 24:31 | Build | Castle |
| 25:33 | Build | Stone Wall |
| 26:45 | Build | Farm |
| 26:49 | Create | Villager (Male) |
| 26:49 | Create | Villager (Male) |
| 26:49 | Create | Villager (Male) |
| 26:51 | Create | Villager (Male) |
| 26:52 | Create | Villager (Male) |
| 26:52 | Create | Villager (Male) |
| 26:52 | Create | Villager (Male) |
| 26:52 | Create | Villager (Male) |
| 27:14 | Create | Villager (Male) |
| 27:14 | Create | Villager (Male) |
| 27:26 | Build | Town Center |
| 27:39 | Build | Mining Camp |
| 27:57 | Build | Gate |
| 28:04 | Build | Stone Wall |
| 28:12 | Create | Villager (Male) |
| 28:13 | Create | Villager (Male) |
| 28:50 | Research | Heavy Plow |
| 29:07 | Build | House |
| 29:08 | Build | House |
| 29:09 | Build | House |
| 29:10 | Build | House |
| 29:11 | Build | House |
| 29:12 | Build | House |
| 29:13 | Build | House |
| 29:36 | Create | Villager (Male) |
| 29:36 | Create | Villager (Male) |
| 29:37 | Create | Villager (Male) |
| 29:38 | Create | Villager (Male) |
| 29:38 | Create | Villager (Male) |
| 29:39 | Create | Villager (Male) |
| 29:39 | Create | Villager (Male) |
| 30:25 | Research | Gold Mining |
| 30:28 | Create | Villager (Male) |
| 30:28 | Create | Villager (Male) |
| 30:30 | Create | Villager (Male) |
| 30:30 | Create | Villager (Male) |
| 30:30 | Create | Villager (Male) |
| 30:31 | Create | Villager (Male) |
| 30:42 | Create | Villager (Male) ×5 |
Build order — AAOE | khermir
First 150 of 489 actions detected
| 0:01 | Create | Villager (Male) |
| 0:01 | Create | Villager (Male) ×5 |
| 0:03 | Build | House |
| 0:04 | Build | House |
| 1:30 | Create | Villager (Male) |
| 1:54 | Create | Villager (Male) |
| 1:58 | Build | Lumber Camp |
| 2:26 | Create | Villager (Male) |
| 3:01 | Create | Villager (Male) |
| 3:24 | Create | Villager (Male) |
| 3:41 | Build | House |
| 3:52 | Create | Villager (Male) |
| 4:05 | Create | Villager (Male) |
| 4:36 | Create | Villager (Male) |
| 5:00 | Create | Villager (Male) |
| 5:01 | Create | Villager (Male) |
| 5:17 | Create | Villager (Male) |
| 5:39 | Build | House |
| 5:55 | Create | Villager (Male) |
| 6:06 | Build | Mill |
| 6:25 | Create | Villager (Male) |
| 6:41 | Create | Villager (Male) |
| 7:15 | Build | Mining Camp |
| 7:37 | Research | Feudal Age |
| 9:29 | Create | Villager (Male) |
| 9:29 | Create | Villager (Male) |
| 9:41 | Age | Feudal Age |
| 10:01 | Build | Market |
| 10:03 | Build | Blacksmith |
| 10:31 | Create | Villager (Male) |
| 10:38 | Build | House |
| 11:12 | Create | Villager (Male) |
| 11:42 | Research | Loom |
| 12:14 | Research | Castle Age |
| 12:35 | Research | Double-Bit Axe |
| 12:42 | Research | Horse Collar |
| 14:39 | Age | Castle Age |
| 14:42 | Build | Town Center |
| 14:48 | Build | Town Center |
| 14:54 | Create | Villager (Male) |
| 15:17 | Research | Bow Saw |
| 15:18 | Create | Villager (Male) |
| 15:34 | Build | Farm |
| 15:36 | Build | Farm |
| 15:48 | Build | Farm |
| 15:55 | Build | Farm |
| 15:58 | Build | Farm |
| 16:10 | Build | Farm |
| 16:17 | Build | Farm |
| 16:23 | Build | Farm |
| 16:28 | Build | Farm |
| 16:40 | Build | Farm |
| 16:45 | Build | Farm |
| 16:46 | Create | Villager (Male) |
| 16:53 | Build | Farm |
| 17:00 | Build | Farm |
| 17:10 | Create | Villager (Male) |
| 17:15 | Build | Farm |
| 17:33 | Create | Villager (Male) |
| 17:38 | Build | Farm |
| 17:41 | Build | Farm |
| 17:41 | Create | Villager (Male) |
| 17:47 | Build | Farm |
| 17:47 | Create | Villager (Male) |
| 17:53 | Build | Farm |
| 18:02 | Build | Farm |
| 18:06 | Create | Villager (Male) |
| 18:15 | Research | Town Watch |
| 18:20 | Build | Farm |
| 18:25 | Build | Farm |
| 18:29 | Create | Villager (Male) |
| 18:37 | Build | Farm |
| 18:39 | Create | Villager (Male) |
| 18:50 | Build | Farm |
| 18:50 | Create | Villager (Male) |
| 18:58 | Build | Farm |
| 19:00 | Create | Villager (Male) |
| 19:09 | Create | Villager (Male) |
| 19:15 | Build | Farm |
| 19:16 | Create | Villager (Male) |
| 19:24 | Build | House |
| 19:26 | Build | House |
| 19:27 | Build | House |
| 19:36 | Research | Wheelbarrow |
| 19:43 | Create | Villager (Male) |
| 19:48 | Build | House |
| 19:49 | Build | House |
| 19:50 | Build | House |
| 19:51 | Build | House |
| 20:23 | Create | Villager (Male) |
| 20:23 | Create | Villager (Male) |
| 20:23 | Create | Villager (Male) |
| 20:24 | Create | Villager (Male) |
| 20:31 | Build | Farm |
| 20:33 | Build | Farm |
| 20:34 | Build | Farm |
| 20:38 | Build | House |
| 20:38 | Create | Villager (Male) |
| 20:38 | Create | Villager (Male) |
| 20:50 | Create | Villager (Male) |
| 20:51 | Create | Villager (Male) |
| 21:11 | Create | Villager (Male) |
| 21:14 | Create | Villager (Male) |
| 21:15 | Create | Villager (Male) |
| 21:32 | Build | Town Center |
| 21:33 | Create | Villager (Male) |
| 21:33 | Create | Villager (Male) |
| 21:34 | Create | Villager (Male) |
| 21:35 | Create | Villager (Male) |
| 21:43 | Build | Farm |
| 21:45 | Create | Villager (Male) |
| 21:57 | Create | Villager (Male) |
| 22:01 | Build | House |
| 22:02 | Build | House |
| 22:04 | Build | House |
| 22:04 | Build | House |
| 22:08 | Create | Villager (Male) |
| 22:17 | Research | Heavy Plow |
| 22:21 | Create | Villager (Male) |
| 22:21 | Create | Villager (Male) |
| 22:59 | Create | Villager (Male) |
| 23:00 | Research | Hand Cart |
| 23:02 | Create | Villager (Male) ×5 |
| 23:15 | Build | Mill |
| 23:15 | Build | Farm |
| 23:16 | Build | Farm |
| 23:16 | Build | Farm |
| 23:16 | Build | Farm |
| 23:17 | Build | Farm |
| 23:17 | Build | Farm |
| 23:17 | Build | Farm |
| 23:18 | Build | Farm |
| 23:20 | Create | Villager (Male) |
| 23:25 | Research | Scale Barding Armor |
| 23:25 | Research | Forging |
| 23:46 | Create | Villager (Male) |
| 24:00 | Build | Farm |
| 24:01 | Build | Farm |
| 24:01 | Build | Farm |
| 24:01 | Build | Farm |
| 24:01 | Build | Farm |
| 24:05 | Create | Villager (Male) |
| 24:06 | Create | Villager (Male) |
| 24:06 | Create | Villager (Male) |
| 24:06 | Create | Villager (Male) |
| 24:12 | Research | Gold Mining |
| 24:12 | Research | Stone Mining |
| 24:26 | Create | Villager (Male) ×5 |
| 24:34 | Create | Villager (Male) ×3 |
| 24:46 | Build | Barracks |
Match timeline
| 9:25 | alesaok · first_building Barracks |
| 9:41 | AAOE | khermir · age_up feudal |
| 9:44 | yukinohana.htn · first_building Barracks |
| 10:23 | francopasini3 · first_building Barracks |
| 10:45 | yukinohana.htn · age_up feudal |
| 11:05 | francopasini3 · age_up feudal |
| 11:07 | alesaok · age_up feudal |
| 11:11 | alesaok · first_building Archery Range |
| 11:18 | yukinohana.htn · first_building Stable |
| 11:59 | OOLONG · first_building Barracks |
| 12:05 | AAOE | khermir · first_market_sell 100 wood |
| 12:06 | AAOE | khermir · first_market_buy 100 food |
| 12:25 | Yato (夜卜) · age_up feudal |
| 12:38 | OOLONG · age_up feudal |
| 13:49 | Yato (夜卜) · first_building Barracks |
| 14:39 | AAOE | khermir · age_up castle |
| 17:08 | Yato (夜卜) · wall_segment Stone Wall x3 |
| 17:25 | Yato (夜卜) · wall_segment Stone Wall x2 |
| 17:30 | Yato (夜卜) · wall_segment Stone Wall x2 |
| 17:57 | yukinohana.htn · age_up castle |
| 18:45 | OOLONG · age_up castle |
| 18:52 | yukinohana.htn · first_building Castle |
| 19:01 | alesaok · age_up castle |
| 19:27 | francopasini3 · first_building Archery Range |
| 19:42 | Yato (夜卜) · wall_segment Stone Wall x13 |
| 19:52 | francopasini3 · age_up castle |
| 19:54 | Yato (夜卜) · wall_segment Stone Wall x3 |
| 20:08 | Yato (夜卜) · wall_segment Stone Wall x1 |
| 20:37 | alesaok · first_building Siege Workshop |
| 20:43 | yukinohana.htn · first_building Siege Workshop |
| 21:29 | OOLONG · first_building Castle |
| 21:42 | yukinohana.htn · first_building Krepost |
| 22:45 | OOLONG · first_building Siege Workshop |
| 23:35 | OOLONG · wall_segment Stone Wall x15 |
| 23:38 | francopasini3 · first_building Castle |
| 24:39 | Yato (夜卜) · first_building Archery Range |
| 24:46 | AAOE | khermir · first_building Barracks |
| 25:33 | OOLONG · wall_segment Stone Wall x12 |
| 25:52 | Yato (夜卜) · wall_segment Stone Wall x9 |
| 25:55 | AAOE | khermir · first_building Stable |
| 26:08 | Yato (夜卜) · wall_segment Stone Wall x2 |
| 26:13 | Yato (夜卜) · wall_segment Stone Wall x1 |
| 26:31 | AAOE | khermir · first_building Monastery |
| 26:57 | Yato (夜卜) · wall_segment Stone Wall x2 |
| 27:04 | Yato (夜卜) · wall_segment Stone Wall x3 |
| 27:12 | Yato (夜卜) · wall_segment Stone Wall x2 |
| 27:18 | Yato (夜卜) · wall_segment Stone Wall x3 |
| 28:04 | OOLONG · wall_segment Stone Wall x16 |
| 28:08 | Yato (夜卜) · age_up castle |
| 28:55 | francopasini3 · first_market_sell 100 stone |
| 30:00 | francopasini3 · first_building Monastery |
| 30:23 | Yato (夜卜) · first_building Monastery |
| 31:06 | francopasini3 · first_building Siege Workshop |
| 31:48 | yukinohana.htn · first_building Monastery |
| 32:07 | yukinohana.htn · wall_segment Stone Wall x16 |
| 32:33 | francopasini3 · first_market_buy 100 wood |
| 32:38 | Yato (夜卜) · first_building Siege Workshop |
| 32:58 | Yato (夜卜) · wall_segment Stone Wall x8 |
| 33:11 | AAOE | khermir · first_building Castle |
| 34:44 | AAOE | khermir · age_up imperial |
| 35:08 | OOLONG · first_building Monastery |
| 35:31 | alesaok · first_market_buy 100 stone |
| 35:51 | alesaok · first_building Monastery |
| 38:52 | OOLONG · age_up imperial |
| 40:38 | francopasini3 · age_up imperial |
| 42:37 | yukinohana.htn · age_up imperial |
| 42:55 | alesaok · age_up imperial |
| 43:40 | Yato (夜卜) · first_building Castle |
| 46:47 | OOLONG · resign |
| 47:23 | Yato (夜卜) · age_up imperial |
| 51:53 | AAOE | khermir · first_building Archery Range |
| 51:55 | francopasini3 · wall_segment Stone Wall x6 |
| 51:56 | francopasini3 · wall_segment Stone Wall x3 |
| 51:57 | francopasini3 · wall_segment Stone Wall x2 |
| 51:58 | francopasini3 · wall_segment Stone Wall x6 |
| 52:00 | francopasini3 · wall_segment Stone Wall x4 |
| 52:01 | francopasini3 · wall_segment Stone Wall x9 |
| 52:03 | francopasini3 · wall_segment Stone Wall x5 |
| 52:07 | francopasini3 · wall_segment Stone Wall x5 |
| 53:30 | Yato (夜卜) · first_market_buy 100 wood |
| 54:28 | Yato (夜卜) · wall_segment Stone Wall x8 |
| 55:19 | alesaok · first_building Castle |
| 59:28 | alesaok · first_market_sell 100 wood |
[ AI ANALYSIS · 1 CREDIT ]
What really happened in this match?
Wolo.gg analyzes every decision: build order, eco, micro, common mistakes by bracket. Personalized analysis on WhatsApp or Discord in 30 seconds.
Civ guide
Bulgarians
Perfil
Jugador #19739993